 Dungeon Crawl Stone Soup version 0.19.5 (webtiles) character file.

701320 McKennaii the Minotaur Barricade (level 27, -5/254 (271) HPs)
             Began as a Minotaur Fighter on May 4, 2017.
             Was an Elder of Okawaru.
             Killed by divine providence
             ... invoked by a greater mummy
              (12 damage)
             ... on level 3 of the Tomb of the Ancients on May 5, 2017.
             The game lasted 04:16:12 (81446 turns).

McKennaii the Minotaur Barricade (MiFi)            Turns: 81446, Time: 04:16:13

HP:   -5/254 (271)  AC: 33    Str: 26    XL:     27
MP:   32/32         EV: 24    Int:  5    God:    Okawaru [****..]
Gold: 5338          SH: 40    Dex: 38    Spells: 0 memorised, 26 levels left

rFire  + . .     SeeInvis .     a - +10 war axe "Ysysm" {freeze, rPois rF+ MR+ Str-4}
rCold  + + +     Gourm    .     G - +0 ice dragon scales "Zoppuhih" {rF- rC++ Str+4 Dex+3}
rNeg   + + .     Faith    .     E - +18 shield of the Gong {rElec rN+ MR+ EV-5}
rPois  +         Spirit   .     J - +2 hat {MR+}
rElec  +         Reflect  .     O - +2 cloak {MR+}
rCorr  .         Harm     .     K - +2 pair of gloves {Dex+3}
MR     +++++                    A - +5 pair of boots of the Demon Prince {Dex+3}
Stlth  +++.......               r - amulet "Dayxa" {+Rage Dex+4 Slay+6}
                                I - ring "Cefiseg" {rC++ rN+ Dex+3}
                                L - ring "Diasi" {rF+ MR+ Str+2}

@: very slightly contaminated, slowed, drained, invisible, very slow
A: retaliatory headbutt, horns 2, blurry vision 1, shaggy fur 1, strong 1,
evolution 1
a: Heroism, Renounce Religion, Evoke Berserk Rage
}: 4/15 runes: barnacled, slimy, silver, gossamer


You were on level 3 of the Tomb of the Ancients.
You worshipped Okawaru.
Okawaru was greatly pleased with you.
You were not hungry.

You visited 10 branches of the dungeon, and saw 50 of its levels.
You visited Pandemonium 1 time, and saw 2 of its levels.
You also visited: Ice Cave and Desolation.

You collected 7740 gold pieces.
You spent 2402 gold pieces at shops.

Inventory:

Hand Weapons
 a - the +10 war axe "Ysysm" (weapon) {freeze, rPois rF+ MR+ Str-4}
   (Okawaru gifted it to you on level 4 of the Lair of Beasts)

   It has been specially enchanted to freeze those struck by it, causing extra
   injury to most foes and up to half again as much damage against particularly
   susceptible opponents.
   It can also slow down cold-blooded creatures.
   It affects your strength (-4).
   It protects you from fire.
   It protects you from poison.
   It affects your resistance to hostile enchantments.
 x - a +3 hand crossbow of freezing
Missiles
 c - 626 bolts
Armour
 A - the +5 pair of boots of the Demon Prince (worn) {Dex+3}
   (You found it on level 3 of the Elven Halls)

   It affects your dexterity (+3).
 E - the +18 shield of the Gong (worn) {rElec rN+ MR+ EV-5}
   (You took it off an ironheart preserver on level 2 of the Vaults)

   It affects your evasion (-5).
   It insulates you from electricity.
   It protects you from negative energy.
   It affects your resistance to hostile enchantments.
 G - the +0 ice dragon scales "Zoppuhih" (worn) {rF- rC++ Str+4 Dex+3}
   (You found it in an ice cave)

   It affects your strength (+4).
   It affects your dexterity (+3).
   It makes you vulnerable to fire.
   It greatly protects you from cold.
 J - a +2 hat of magic resistance (worn)
 K - a +2 pair of gloves of dexterity (worn)
 O - a +2 cloak of magic resistance (worn)
Rods
 Q - a +0 rod of ignition (14/14)
   (You found it on level 12 of the Dungeon)
Jewellery
 b - an uncursed ring of resist corrosion
 r - the amulet "Dayxa" (around neck) {+Rage Dex+4 Slay+6}
   (You took it off a deep elf mage on level 5 of the Vaults)

   [amulet of rage]

   It affects your dexterity (+4).
   It affects your accuracy and damage with ranged weapons and melee attacks
   (+6).
   It lets you go berserk.
 v - an uncursed ring of protection from magic
 I - the ring "Cefiseg" (right hand) {rC++ rN+ Dex+3}
   (You found it in the Desolation of Salt)

   [ring of positive energy]

   It affects your dexterity (+3).
   It greatly protects you from cold.
   It protects you from negative energy.
 L - the ring "Diasi" (left hand) {rF+ MR+ Str+2}
   (You took it off an orc priest on level 3 of the Vaults)

   [ring of protection from magic]

   It affects your strength (+2).
   It protects you from fire.
   It affects your resistance to hostile enchantments.
 M - an uncursed ring of positive energy
 N - an uncursed ring of flight
 P - an uncursed ring of see invisible
Wands
 n - a wand of teleportation (4/9)
Scrolls
 g - 9 scrolls of identify
 j - 5 scrolls of fear
 l - 8 scrolls of recharging
 s - 6 scrolls of fog
 y - 4 scrolls of blinking
 z - 8 scrolls of teleportation
 F - 6 scrolls of magic mapping
 H - 2 scrolls of summoning
 W - 5 scrolls of holy word
 Y - 5 scrolls of amnesia
 Z - 15 scrolls of remove curse
Potions
 d - 5 potions of might
 e - 7 potions of berserk rage
 h - 2 potions of cancellation
 k - 11 potions of lignification
 p - 6 potions of curing
 q - 8 potions of brilliance
 t - 8 potions of haste
 u - a potion of cure mutation
 w - 5 potions of resistance
 D - 4 potions of magic
 S - a potion of invisibility
 U - 3 potions of flight
 X - 2 potions of agility
Comestibles
 f - 11 royal jellies
 i - 19 fruits
 o - 16 meat rations


   Skills:
 + Level 26.8(26.7) Fighting
 O Level 27(26.8) Axes
 * Level 13.8(13.6) Crossbows
 + Level 17.6(17.5) Armour
 + Level 15.6(15.5) Dodging
 + Level 6.0(5.9) Stealth
 O Level 27(26.8) Shields
 * Level 14.4(14.2) Invocations
 + Level 1.0 Evocations


You had 26 spell levels left.
You didn't know any spells.

Dungeon Overview and Level Annotations

Branches:
Dungeon (15/15)            Temple (0/1) D:5            Lair (6/6) D:11
 Shoals (4/4) Lair:4       Spider (4/4) Lair:2        Slime (5/5) Lair:5
    Orc (2/2) D:11            Elf (3/3) Orc:2        Vaults (5/5) D:14
  Crypt (3/3) Vaults:3       Tomb (3/3) Crypt:3      Depths (0/5) D:15

Altars:
Elyvilon
Hepliaklqana
Kikubaaqudgha
Makhleb
Nemelex Xobeh
Okawaru
Ru
Sif Muna
Vehumet
Xom
Yredelemnul
Zin
The Shining One
Jiyva

Shops:
D:5 :   D:6 !(   Orc:2 ?%:!(   Elf:1 ?   Elf:2 [   Elf:3 *   Shoals:4 (
Vaults:2 :   Vaults:4 [*   Vaults:5 [

Portals:
Pandemonium: Orc:2


Innate Abilities, Weirdness & Mutations

You reflexively headbutt those who attack you in melee.
You have a pair of horns on your head.
Scrolls take you a little longer to read.
You are covered in fur. (AC +1)
Your muscles are strong. (Str +2)
You evolve.


Message History

You slice the lich like a ripe choko!!! You freeze the lich.
You slice the emperor scorpion!! You freeze the emperor scorpion!
You slash the emperor scorpion! You freeze the emperor scorpion.
You closely miss the emperor scorpion.
Your surroundings seem slightly different.
The greater mummy gestures wildly while chanting.
The greater mummy gestures at you while chanting.
Something smites you!
* * * LOW HITPOINT WARNING * * *
Found four items.
You fade into invisibility!
The emperor scorpion disappears in a puff of smoke! x2
A bolt hits the emperor scorpion!
The greater mummy mumbles some strange words.
You are very lightly contaminated with residual magic.
The lich gestures at you while chanting.
You feel haunted.
You hear a soft click.
The greater mummy casts a spell at you. Something smites you!
You die...

##### ########
##:$$$####...<..#
#)$$$$..##..<.).#
$$$$$$..##...<..#
$$$$$?.@.#......#
##)$$$$}..W.W#......#
##$$$$$$$$.W..#..)†..#
##$$?$$$$$$....#..†...#
#$$$"$$$[......#..†...#
#[$$$$$s$.Ls...#†.†...#
#$$$}$$4s.M....#..†...#
#$)$.$ssss§§..##..†...##
#$$....M.s...##..†.....##


You could see a greater mummy, 7 emperor scorpions, a lich, a hellwing, a hungry
ghost and 2 wraiths.

Vanquished Creatures
  the Royal Jelly (Slime:5)
  2 pandemonium lords (Pan)
  5 ancient liches
  Mennas (Tomb:2)
  26 greater mummies
  Boris (twice) (Vaults:2 Crypt:1)
  Frederick (Crypt:1)
  Xtahua (Vaults:2)
  A golden dragon (Vaults:5)
  Jory (Crypt:3)
  2 bone dragons (Crypt:3)
  A profane servitor (Crypt:2)
  A Tzitzimitl (Pan)
  Rupert (Spider:1)
  3 liches
  6 Brimstone Fiends (Pan)
  3 tentacled monstrosities (Vaults:5)
  8 Ice Fiends (Pan)
  15 large abominations
  26 acid blobs
  5 deep elf blademasters
  3 quicksilver dragons (Vaults:5)
  5 deep elf master archers (Elf:3)
  6 titans (Vaults:5)
  Frances (Spider:2)
  2 Executioners (Pan)
  Donald (Slime:1)
  3 storm dragons (Vaults:5)
  6 ancient champions
  9 sphinxes
  5 shadow dragons (Vaults:5)
  8 tengu reavers
  18 azure jellies
  Ilsuiw (Shoals:4)
  4 fire giants
  3 revenants
  5 frost giants
  3 ghost moths (Spider:4)
  11 vault wardens
  7 deep elf sorcerers
  An iron dragon (Vaults:5)
  An orc warlord (Orc:1)
  A warmonger (Pan)
  Louise (Shoals:3)
  5 cacodemons (Pan)
  3 curse skulls
  5 emperor scorpions
  A deep elf elementalist (Elf:3)
  7 reapers
  4 very ugly things
  15 ironheart preservers
  A stone giant (shapeshifter) (Vaults:5)
  4 vampire knights
  16 stone giants
  3 corrupters (Pan)
  5 black suns (Pan)
  4 entropy weavers
  2 war gargoyles (Vaults:5)
  7 deep elf demonologists
  A dire elephant (D:15)
  4 halazid warlocks (Desolation)
  8 deep elf annihilators
  The ghost of Reinor the Eclecticist, a journeyman SpEE of Vehumet (D:15)
  3 eidola
  9 ettins
  11 merfolk javelineers
  3 crystal guardians
  2 green deaths (Pan)
  6 deep elf death magi
  2 pearl dragon zombies (Crypt:2)
  A fire dragon (Vaults:3)
  4 deep elf high priests
  4 merfolk impalers
  2 jiangshi
  A quicksilver dragon zombie (Crypt:3)
  24 mummy priests
  9 death oozes (Slime:5)
  14 ogre magi
  An ice dragon (Vaults:2)
  12 great orbs of eyes
  14 yaktaur captains
  5 ragged hierophants (Desolation)
  8 hydras
  A monstrous demonspawn (Pan)
  2 quicksilver dragon skeletons
  2 rakshasas
  A hell beast (Pan)
  6 peacekeepers
  33 vault guards
  3 ghost crabs (Crypt:3)
  3 servants of whispers (Desolation)
  2 centaur warriors (Vaults:1)
  A merfolk avatar (Shoals:1)
  An alligator snapping turtle (Shoals:3)
  9 merfolk aquamancers
  9 death knights
  A satyr (shapeshifter) (Vaults:5)
  2 deep troll shamans (Vaults:5)
  4 satyrs
  25 dancing weapons
  A tengu warrior (D:14)
  77 death scarabs
  7 vampire magi
  7 orc high priests
  2 deep troll earth magi (Vaults:1)
  3 hell hogs (Crypt:2)
  8 soul eaters
  2 sun demons (Pan)
  A storm dragon zombie (Vaults:3)
  20 deep elf knights
  Nergalle (Orc:1)
  A titan skeleton (Crypt:3)
  28 skeletal warriors
  5 shadow wraiths
  6 sixfirhies
  2 storm dragon skeletons (Vaults:3)
  17 sea snakes
  3 glowing orange brains
  5 flayed ghosts
  7 deep trolls
  A glowing orange brain (shapeshifter) (Vaults:5)
  6 torturous demonspawn
  12 deep elf archers
  3 wizards
  14 ironbrand convokers
  2 unseen horrors (D:15)
  A swamp dragon (shapeshifter) (Vaults:2)
  7 hill giants
  A gelid demonspawn (Pan)
  Pikel (D:9)
  4 infernal demonspawn
  An anaconda skeleton (Crypt:1)
  16 harpies
  11 phantasmal warriors
  62 deep elf magi
  4 necromancers
  14 orc knights
  33 wolf spiders
  11 fauns
  3 shining eyes
  A wolf spider zombie (D:11)
  A fire giant zombie (Crypt:3)
  2 oklob plants
  7 orc sorcerers
  23 orb spiders
  A frost giant zombie (Crypt:3)
  A tengu skeleton (Vaults:3)
  A salamander (D:15)
  13 manticores
  15 ugly things
  9 cyclopes
  Maurice (D:9)
  A shock serpent zombie (Crypt:3)
  3 moths of wrath
  11 vault sentinels
  2 guardian serpents (Desolation)
  13 smoke demons
  4 black mambas
  4 eyes of devastation
  A black mamba (shapeshifter) (Vaults:4)
  15 sirens
  3 fire giant skeletons
  7 water nymphs
  4 apis skeletons (Crypt:2)
  A guardian serpent (shapeshifter) (Vaults:1)
  2 torpor snails (Spider:2)
  An alligator snapping turtle zombie (Crypt:2)
  2 ice statues (IceCv)
  A molten gargoyle (Desolation)
  A rust devil (Orc:2)
  5 orange demons
  13 spiny frogs
  A black draconian zombie (Crypt:1)
  4 komodo dragons
  39 yaktaurs
  2 rime drakes
  48 guardian mummies
  11 ice devils
  A death yak skeleton (Crypt:2)
  22 demonic crawlers
  12 freezing wraiths
  A hellwing (Pan)
  A minotaur zombie (Crypt:3)
  A catoblepas skeleton (Crypt:1)
  9 trolls
  A hydra zombie (Crypt:1)
  35 jumping spiders
  A meliai (D:12)
  7 wind drakes
  A yaktaur skeleton (Vaults:3)
  A two-headed ogre (shapeshifter) (Vaults:1)
  26 two-headed ogres
  Grinder (D:6)
  A harpy zombie (Crypt:1)
  36 merfolk
  4 tyrant leeches (Spider:4)
  A moth of wrath zombie (Crypt:1)
  5 polar bears
  134 slime creatures
  28 blink frogs
  A harpy skeleton (Tomb:1)
  15 hippogriffs
  A hydra skeleton (Crypt:3)
  A tyrant leech (shapeshifter) (Vaults:4)
  33 saltlings (Desolation)
  14 hornets
  A sphinx simulacrum (Vaults:3)
  18 dream sheep
  2 ettin zombies (Crypt:3)
  2 fire dragon zombies
  A stone giant simulacrum (Vaults:3)
  7 snapping turtles
  A meliai zombie (D:15)
  A fire giant simulacrum (Tomb:1)
  A snapping turtle (shapeshifter) (Vaults:1)
  29 flying skulls
  2 shadows
  16 spriggans
  A vampire (D:14)
  15 ynoxinuls
  21 tarantellas
  Sigmund (D:6)
  An ice dragon skeleton (Tomb:3)
  18 water elementals
  A black mamba skeleton (Tomb:1)
  74 redbacks
  15 wraiths
  30 ushabtiu
  3 wyverns
  4 fire elementals
  52 yaks
  A hill giant skeleton (Crypt:3)
  7 chaos spawn (Pan)
  Grum (D:9)
  A basilisk (D:14)
  5 hungry ghosts
  A steam dragon (D:14)
  5 golden eyes (Slime:1)
  3 vampire mosquitoes (D:15)
  7 wargs
  4 mottled dragons
  A deep troll zombie (Crypt:3)
  2 infernal demonspawn zombies (Crypt:2)
  A hydra simulacrum (Crypt:1)
  A floating eye (Slime:4)
  17 water moccasins
  A deep troll skeleton (Vaults:3)
  13 porcupines
  2 black bears
  6 sky beasts
  12 eyes of draining
  5 ice beasts
  2 hornet zombies
  56 ogres
  A ghost crab zombie (Crypt:1)
  A necrophage (D:9)
  48 orc warriors
  4 slaves (D:9)
  2 snapping turtle zombies
  2 phantoms
  34 wolves
  15 centaurs
  6 boggarts
  21 crocodiles
  A rime drake zombie (Crypt:1)
  6 human skeletons (Vaults:3)
  A komodo dragon zombie (Crypt:1)
  A big kobold (D:7)
  Blork the orc (D:6)
  21 bullfrogs
  5 earth elementals
  A hippogriff skeleton (Crypt:2)
  A water moccasin skeleton (Crypt:1)
  3 scorpions
  A killer bee (shapeshifter) (Vaults:4)
  A scorpion (shapeshifter) (Vaults:1)
  A human simulacrum (Vaults:2)
  A yak skeleton (Crypt:3)
  11 killer bees
  3 vampire bats (D:14)
  13 wights
  4 electric eels
  3 howler monkeys
  6 crimson imps
  A quasit (D:9)
  6 centaur zombies
  13 hounds
  34 orc priests
  14 jellies
  2 basilisk zombies
  A bullfrog skeleton (D:6)
  5 centaur skeletons
  An iguana (D:9)
  21 orc wizards
  4 hell rats (Lair:2)
  7 worker ants
  A killer bee zombie (D:5)
  A felid zombie (Crypt:3)
  A big kobold skeleton (Crypt:2)
  3 hound skeletons
  56 mummies
  A hell rat zombie (Crypt:1)
  15 adders
  6 gnolls
  A steam dragon zombie (Crypt:2)
  6 shadow imps
  5 white imps (IceCv)
  11 ufetubi
  5 oozes (D:14)
  An adder skeleton (D:9)
  3 adder zombies
  3 worms
  A dart slug (D:3)
  5 leopard geckos
  83 orcs
  7 bats
  4 goblins
  6 hobgoblins
  8 jackals
  6 quokkas
  A ball python (D:4)
  3 frilled lizards
  A frilled lizard skeleton (Crypt:2)
  A giant cockroach zombie (Crypt:1)
  7 kobolds
  A rat (D:3)
  A crawling corpse (Vaults:5)
  4 fungi
  19 plants
2707 creatures vanquished.

Vanquished Creatures (others)
  A revenant (Tomb:2)
  A storm dragon (Tomb:2)
  A deep elf sorcerer (Elf:3)
  2 fire giants (Vaults:4)
  A deep elf death mage (Vaults:1)
  A dancing weapon (Elf:1)
  7 death scarabs (Tomb:3)
  A shadow wraith (Vaults:1)
  An orc sorcerer (Elf:2)
  A deep elf mage (Elf:3)
  A fire giant skeleton (Tomb:3)
  3 guardian mummies (Tomb:2)
  A jumping spider (Spider:4)
  6 flying skulls (Tomb:2)
  A water elemental (Elf:1)
  3 ushabtiu (Tomb:2)
  A spiny frog zombie (Tomb:2)
  An ogre (Vaults:2)
  9 mummies (Tomb:2)
  2 white imps (IceCv)
  2 ufetubi (IceCv)
  A bat (D:14)
  15 plants
63 creatures vanquished.

Grand Total: 2770 creatures vanquished

Notes
Turn   | Place    | Note
-------+----------+-------------------------------------------
     0 | D:1      | McKennaii the Minotaur Fighter began the quest for the Orb.
     0 | D:1      | Reached XP level 1. HP: 19/19 MP: 0/0
   242 | D:1      | Reached XP level 2. HP: 18/27 MP: 1/1
  1091 | D:2      | Found a sparkling altar of Nemelex Xobeh.
  1201 | D:2      | Found a basalt altar of Yredelemnul.
  1202 | D:2      | Found an iron altar of Okawaru.
  1202 | D:2      | Found a hazy altar of Hepliaklqana.
  1204 | D:2      | Found a burning altar of Makhleb.
  1206 | D:2      | Found a glowing golden altar of the Shining One.
  1207 | D:2      | Found a shimmering altar of Xom.
  1215 | D:2      | Reached XP level 3. HP: 33/33 MP: 2/2
  1226 | D:2      | Found a white marble altar of Elyvilon.
  1231 | D:2      | Became a worshipper of Warmaster Okawaru
  1625 | D:3      | Noticed a scorpion
  1631 | D:3      | Killed a scorpion
  1631 | D:3      | Reached XP level 4. HP: 31/41 MP: 3/3
  1796 | D:3      | Reached XP level 5. HP: 43/47 MP: 4/4
  2046 | D:4      | Reached skill level 5 in Shields
  2065 | D:4      | Reached * piety under Okawaru
  2266 | D:4      | Reached XP level 6. HP: 46/53 MP: 5/5
  2282 | D:4      | Reached skill level 5 in Axes
  2626 | D:5      | Entered Level 5 of the Dungeon
  2655 | D:5      | Reached skill level 1 in Dodging
  2710 | D:5      | Noticed a sky beast
  2717 | D:5      | Killed a sky beast
  2717 | D:5      | Reached skill level 5 in Armour
  2771 | D:5      | Reached XP level 7. HP: 46/60 MP: 6/6
  2783 | D:5      | Found Widulani's Book Boutique.
  2887 | D:5      | Reached skill level 5 in Fighting
  3050 | D:5      | Found a staircase to the Ecumenical Temple.
  3463 | D:6      | Noticed Blork the orc
  3465 | D:6      | Found Kuhoitin's Antique Weapon Boutique.
  3471 | D:6      | Killed Blork the orc
  3508 | D:6      | Found Goanig Jaoq's Distillery.
  3516 | D:6      | Bought a potion of berserk rage for 55 gold pieces
  3516 | D:6      | Bought 2 potions of degeneration for 22 gold pieces
  3516 | D:6      | Bought a potion of curing for 33 gold pieces
  3675 | D:6      | Noticed Sigmund
  3682 | D:6      | Killed Sigmund
  3682 | D:6      | Reached ** piety under Okawaru
  3682 | D:6      | Reached XP level 8. HP: 58/69 MP: 4/7
  3768 | D:6      | Noticed Grinder
  3781 | D:6      | Killed Grinder
  4201 | D:7      | Found a glowing silver altar of Zin.
  4715 | D:7      | Reached *** piety under Okawaru
  4715 | D:7      | Reached XP level 9. HP: 66/75 MP: 8/8
  5082 | D:8      | Reached skill level 1 in Stealth
  5159 | D:8      | Reached skill level 10 in Axes
  5739 | D:8      | Reached **** piety under Okawaru
  5928 | D:8      | Reached XP level 10. HP: 72/84 MP: 9/9
  6498 | D:9      | Found a white marble altar of Elyvilon.
  6499 | D:9      | Noticed Grum
  6521 | D:9      | Killed Grum
  6889 | D:9      | Reached skill level 10 in Shields
  6906 | D:9      | Noticed Pikel
  6936 | D:9      | Killed Pikel
  6936 | D:9      | Reached ***** piety under Okawaru
  6946 | D:9      | Found a radiant altar of Vehumet.
  6946 | D:9      | Found an ancient bone altar of Kikubaaqudgha.
  6947 | D:9      | Found a deep blue altar of Sif Muna.
  6952 | D:9      | Identified Kikubaaqudgha's Papyrus of the Hills
  7185 | D:9      | Noticed Maurice
  7193 | D:9      | Paralysed by something for 3 turns
  8134 | D:9      | Paralysed by Maurice for 7 turns
  8254 | D:9      | Killed Maurice
  8288 | D:10     | Entered Level 10 of the Dungeon
  8448 | D:10     | Reached skill level 5 in Dodging
  8832 | D:10     | Reached XP level 11. HP: 92/92 MP: 3/10
  9216 | D:11     | Found a staircase to the Lair.
  9236 | D:11     | Noticed a hill giant
  9245 | D:11     | Killed a hill giant
  9249 | D:11     | Received a gift from Okawaru
  9252 | D:11     | Got a steaming shield {god gift}
  9263 | D:11     | Identified the -4 shield of Getim {rPois rF+ SInv} (Okawaru gifted it to you on level 11 of the Dungeon)
  9301 | D:11     | You fall through a shaft for 2 floors!
  9539 | D:13     | Reached skill level 1 in Invocations
 10129 | D:14     | Noticed a vault guard
 10129 | D:14     | Noticed a vault guard
 10130 | D:14     | Noticed a vault guard
 10163 | D:13     | Killed a vault guard
 10179 | D:14     | Killed a vault guard
 10271 | D:14     | Noticed a hill giant
 10278 | D:14     | Noticed a vault guard
 10281 | D:14     | Killed a hill giant
 10294 | D:14     | Killed a vault guard
 10507 | D:14     | Noticed a vault guard
 10517 | D:14     | Killed a vault guard
 10517 | D:14     | Received a gift from Okawaru
 10517 | D:14     | Reached XP level 12. HP: 103/103 MP: 1/12
 10526 | D:14     | Killed a vault guard
 10526 | D:14     | Reached skill level 10 in Armour
 10592 | D:14     | Found a shimmering altar of Xom.
 10593 | D:14     | Found a shimmering altar of Xom.
 10789 | D:14     | Noticed a vault guard
 10804 | D:14     | Killed a vault guard
 10822 | D:14     | Noticed a vault guard
 10834 | D:14     | Killed a vault guard
 10834 | D:14     | Reached skill level 10 in Fighting
 10970 | D:14     | Found a shimmering altar of Xom.
 10971 | D:14     | Found a shimmering altar of Xom.
 10972 | D:14     | Found a shimmering altar of Xom.
 10972 | D:14     | Found a shimmering altar of Xom.
 10972 | D:14     | Found a shimmering altar of Xom.
 10972 | D:14     | Found a shimmering altar of Xom.
 11041 | D:14     | Found a gate to the Vaults.
 11234 | D:14     | Noticed a vault guard
 11245 | D:14     | Killed a vault guard
 11245 | D:14     | Reached skill level 15 in Axes
 11436 | D:15     | Entered Level 15 of the Dungeon
 11444 | D:15     | Noticed a five-headed hydra
 11455 | D:15     | Killed a nine-headed hydra
 11476 | D:15     | Noticed an ogre mage
 11498 | D:15     | Killed an ogre mage
 11499 | D:15     | Noticed a five-headed hydra
 11553 | D:14     | Noticed a death knight
 11565 | D:14     | Killed a death knight
 11798 | D:15     | Killed an eight-headed hydra
 11850 | D:15     | Noticed an ogre mage
 11857 | D:15     | Noticed an ogre mage
 11859 | D:15     | Killed an ogre mage
 11859 | D:15     | Received a gift from Okawaru
 11866 | D:15     | Reached XP level 13. HP: 110/113 MP: 15/15
 11974 | D:15     | Noticed Reinor's ghost (journeyman SpEE)
 11997 | D:15     | Killed Reinor's ghost
 12233 | D:15     | Received a gift from Okawaru
 12864 | D:15     | Found a staircase to the Depths.
 12864 | D:15     | Noticed a dire elephant
 12885 | D:15     | Killed a dire elephant
 12891 | D:15     | Reached skill level 5 in Invocations
 14075 | D:12     | Identified the +1 robe "Orose" {rF- rCorr Int+5 Dex+4} (You found it on level 12 of the Dungeon)
 14334 | D:11     | Found a staircase to the Orcish Mines.
 14399 | D:11     | Received a gift from Okawaru
 14399 | D:11     | Reached XP level 14. HP: 113/125 MP: 14/16
 14574 | D:11     | Reached XP level 15. HP: 119/132 MP: 16/18
 14579 | Lair:1   | Entered Level 1 of the Lair of Beasts
 15627 | Lair:2   | Found a hole to the Spider Nest.
 16684 | Lair:4   | Received a gift from Okawaru
 16694 | Lair:4   | Got a scorched war axe {god gift}
 16695 | Lair:4   | Identified the +10 war axe "Ysysm" {freeze, rPois rF+ MR+ Str-4} (Okawaru gifted it to you on level 4 of the Lair of Beasts)
 16904 | Lair:4   | Found a staircase to the Shoals.
 16919 | Lair:4   | Reached ****** piety under Okawaru
 17312 | Lair:5   | Found an ancient bone altar of Kikubaaqudgha.
 17407 | Lair:5   | Got a flickering wooden ring
 17541 | Lair:5   | Found a staircase to the Slime Pits.
 17744 | Lair:5   | Found a radiant altar of Vehumet.
 18125 | Lair:6   | Entered Level 6 of the Lair of Beasts
 18143 | Lair:6   | Received a gift from Okawaru
 18184 | Lair:6   | Found a frozen archway.
 18284 | IceCv    | Entered an ice cave
 18855 | IceCv    | Identified the cursed ring "Lehoacin" {EV-4 Int+3} (You found it on level 5 of the Lair of Beasts)
 19158 | IceCv    | Got heavily runed ice dragon scales
 19177 | IceCv    | Identified the cursed +0 ice dragon scales "Zoppuhih" {rF- rC++ Str+4 Dex+3} (You found it in an ice cave)
 19253 | Lair:6   | Reached skill level 15 in Shields
 19497 | Lair:6   | Received a gift from Okawaru
 19800 | Lair:6   | Reached XP level 16. HP: 124/145 MP: 11/19
 20445 | Shoals:1 | Entered Level 1 of the Shoals
 20486 | Shoals:1 | Reached skill level 15 in Fighting
 20677 | Shoals:1 | Got a wavering amber ring
 20679 | Shoals:1 | Identified the ring of Putul {Fire Int+3} (You found it on level 1 of the Shoals)
 21290 | Shoals:2 | Received a gift from Okawaru
 23066 | Shoals:3 | Noticed Louise
 23086 | Shoals:3 | Killed Louise
 23498 | Shoals:4 | Entered Level 4 of the Shoals
 23755 | Shoals:4 | Noticed Ilsuiw
 23767 | Shoals:4 | Found a sacrificial altar of Ru.
 24051 | Shoals:4 | Reached XP level 17. HP: 128/158 MP: 11/21
 24060 | Shoals:4 | Received a gift from Okawaru
 25071 | Shoals:4 | Killed Ilsuiw
 25152 | Shoals:4 | Got a translucent ring mail {god gift}
 25212 | Shoals:4 | Identified the +1 ring mail of the Moon {rElec rPois rCorr Int-3} (Okawaru gifted it to you on level 4 of the Shoals)
 25603 | Shoals:4 | Got a barnacled rune of Zot
 25620 | Shoals:4 | Identified Sif Muna's Almanac of Assistive Necromancy
 25764 | Shoals:4 | Found Ucofyn's Antique Weapon Shoppe.
 26739 | Spider:1 | Entered Level 1 of the Spider Nest
 26766 | Spider:1 | Noticed Rupert
 26785 | Spider:1 | Killed Rupert
 26786 | Spider:1 | Received a gift from Okawaru
 27334 | Spider:2 | Noticed Frances
 27350 | Spider:2 | Killed Frances
 27753 | Spider:2 | Received a gift from Okawaru
 27871 | Spider:3 | Reached XP level 18. HP: 148/169 MP: 13/22
 28357 | Spider:4 | Entered Level 4 of the Spider Nest
 28652 | Spider:4 | Received a gift from Okawaru
 28782 | Spider:4 | HP: 3/170 [disintegration (28)]
 29568 | Spider:4 | Reached skill level 15 in Armour
 30240 | Spider:4 | Reached skill level 10 in Dodging
 30275 | Spider:4 | Got a gossamer rune of Zot
 30767 | Orc:1    | Entered Level 1 of the Orcish Mines
 30772 | Orc:1    | Noticed Nergalle
 30788 | Orc:1    | Killed Nergalle
 31088 | Orc:2    | Entered Level 2 of the Orcish Mines
 31369 | Orc:2    | Found Qenkut's Magic Scroll Boutique.
 31377 | Orc:2    | Bought a scroll of blinking for 112 gold pieces
 31430 | Orc:2    | Found Gorikkown's Food Shoppe.
 31431 | Orc:2    | Found Angic's Distillery.
 31503 | Orc:2    | Bought a potion of heal wounds for 55 gold pieces
 31544 | Orc:2    | Found a staircase to the Elven Halls.
 31951 | Orc:2    | Received a gift from Okawaru
 32046 | Orc:2    | Found Xexurcho's Book Boutique.
 32046 | Orc:2    | Found Boug's Antique Weapon Shop.
 32046 | Orc:2    | Found a one-way gate leading to the halls of Pandemonium.
 32151 | Elf:1    | Entered Level 1 of the Elven Halls
 32186 | Elf:1    | Reached XP level 19. HP: 156/179 MP: 20/23
 32197 | Elf:1    | Found Atu Haep's Magic Scroll Emporium.
 32209 | Elf:1    | Bought a scroll of teleportation for 54 gold pieces
 32368 | Elf:1    | Found a ruined gateway.
 32393 | Desolati | Entered the Desolation of Salt
 32433 | Desolati | Got a glittering lead amulet
 32435 | Desolati | Got a shimmering copper ring
 32437 | Desolati | Got a translucent long sword
 32536 | Desolati | Identified the amulet "Zoenocs" {RegenMP Int+4} (You found it in the Desolation of Salt)
 32538 | Desolati | Identified the ring "Cefiseg" {rC++ rN+ Dex+3} (You found it in the Desolation of Salt)
 33112 | Desolati | Received a gift from Okawaru
 34607 | Elf:2    | Received a gift from Okawaru
 34770 | Elf:2    | Found Dennir's Antique Armour Emporium.
 34782 | Elf:2    | Bought a runed hat for 340 gold pieces
 34824 | Elf:2    | Found a runed gate.
 34825 | Elf:2    | Found a runed gate.
 34826 | Elf:2    | Found a runed gate.
 35193 | Elf:2    | Reached XP level 20. HP: 129/191 MP: 25/25
 35408 | Elf:3    | Entered Level 3 of the Elven Halls
 35422 | Elf:3    | Found Wuedd's Assorted Antiques.
 35430 | Elf:3    | Bought a scroll of enchant armour for 165 gold pieces
 36036 | Elf:3    | Received a gift from Okawaru
 37204 | Elf:3    | Received a gift from Okawaru
 37257 | Elf:3    | Identified the cursed +1 ring mail of Wemp {-Cast +Fly Str+3} (You found it on level 3 of the Elven Halls)
 37273 | Elf:3    | Got a bloodstained cloak
 37284 | Elf:3    | Identified the +2 cloak "Zeeth" {Int+5} (You found it on level 3 of the Elven Halls)
 37313 | Elf:3    | Identified the +3 long sword of True Grit {slice, Str+4} (You found it in the Desolation of Salt)
 37455 | Elf:3    | Got a pair of warped boots
 37470 | Elf:3    | Identified the +5 pair of boots of the Demon Prince {Dex+3} (You found it on level 3 of the Elven Halls)
 38212 | D:11     | Received a gift from Okawaru
 38743 | Vaults:1 | Entered Level 1 of the Vaults
 39280 | Vaults:1 | Got a jewelled chain mail
 39281 | Vaults:1 | Identified the +8 chain mail "Kaol" {SInv} (You found it on level 1 of the Vaults)
 39998 | Vaults:1 | Received a gift from Okawaru
 39998 | Vaults:1 | Reached XP level 21. HP: 202/202 MP: 26/26
 40234 | Vaults:2 | Noticed Xtahua
 40652 | Vaults:2 | Killed Xtahua
 40724 | Vaults:2 | Found Fucku's Book Shop.
 40800 | Vaults:2 | Noticed Boris
 40822 | Vaults:2 | Killed Boris
 41871 | Vaults:3 | Received a gift from Okawaru
 42168 | Vaults:3 | Got a shimmering granite ring
 42330 | Vaults:3 | Found a staircase to the Crypt.
 42728 | Vaults:3 | Received a gift from Okawaru
 42923 | Vaults:3 | Reached XP level 22. HP: 213/213 MP: 28/28
 43314 | Vaults:4 | Identified the ring "Diasi" {rF+ MR+ Str+2} (You took it off an orc priest on level 3 of the Vaults)
 43401 | Vaults:4 | Found Vevveic's General Store.
 43414 | Vaults:4 | Bought a scroll of blinking for 112 gold pieces
 43414 | Vaults:4 | Bought a scroll of acquirement for 780 gold pieces
 43564 | Vaults:4 | Received a gift from Okawaru
 43677 | Vaults:4 | Reached skill level 5 in Stealth
 43965 | Vaults:4 | Found Ypleir Vistri's Antique Armour Emporium.
 44006 | Vaults:4 | Reached XP level 23. HP: 222/222 MP: 29/29
 44019 | Vaults:5 | Entered Level 5 of the Vaults
 44162 | Vaults:5 | Received a gift from Okawaru
 44333 | Vaults:5 | Received a gift from Okawaru
 44827 | Vaults:5 | Reached skill level 10 in Invocations
 44827 | Vaults:5 | Reached XP level 24. HP: 169/233 MP: 20/29
 44946 | Vaults:5 | Received a gift from Okawaru
 44949 | Vaults:5 | Got a transparent hand axe {god gift}
 45198 | Vaults:5 | Got a crude ivory ring
 45210 | Vaults:5 | Identified the cursed ring of Tuemoiss {Int+4 Dex-2} (You took it off a deep elf demonologist on level 5 of the Vaults)
 45212 | Vaults:5 | Identified the +8 hand axe "Mosebbue" {chop, +Rage rElec Str+4 Int+2} (Okawaru gifted it to you on level 5 of the Vaults)
 45213 | Vaults:5 | Identified a +0 rod of ignition (14/14) (You found it on level 12 of the Dungeon)
 45221 | Vaults:5 | Got a sparkling emerald amulet
 45255 | Vaults:5 | Noticed an ancient lich
 45271 | Vaults:5 | Killed an ancient lich
 45650 | Vaults:5 | Found Gatac's Antique Armour Shoppe.
 45705 | Vaults:5 | Got a twitching amber ring
 45750 | Vaults:5 | Identified the ring of Godghifi {*Contam +Fly rPois Str+2 Stlth+} (You took it off a tengu reaver on level 5 of the Vaults)
 45758 | Vaults:5 | Identified the amulet "Dayxa" {+Rage Dex+4 Slay+6} (You took it off a deep elf mage on level 5 of the Vaults)
 45763 | Vaults:5 | Got an ancient steel ring
 45765 | Vaults:5 | Identified the ring "Hevah" {Wiz Dex+3} (You found it on level 5 of the Vaults)
 45770 | Vaults:5 | Gained mutation: You possess an exceptional clarity of mind. [mutagenic glow]
 45793 | Vaults:5 | Received a gift from Okawaru
 45802 | Vaults:5 | Identified Sif Muna's Incunabulum of Beguiling and the Mountains
 46196 | Vaults:5 | Received a gift from Okawaru
 46282 | Vaults:5 | Got a silver rune of Zot
 46629 | Vaults:5 | Identified the amulet of the Duke {Harm *Drain Stlth+} (You found it on level 5 of the Vaults)
 46752 | Vaults:5 | Bought a twisted scale mail for 306 gold pieces
 46762 | Vaults:5 | Identified the cursed +1 scale mail of the Comet {rF+} (You bought it in a shop on level 5 of the Vaults)
 47642 | Slime:1  | Entered Level 1 of the Pits of Slime
 47642 | Slime:1  | Noticed Donald
 47649 | Slime:1  | Killed Donald
 47667 | Slime:1  | Gained mutation: Your body sometimes deteriorates upon taking damage. [a shining eye]
 47675 | Slime:1  | Gained mutation: You are dopey. (Int -2) [a shining eye]
 47685 | Slime:1  | Gained mutation: Armour fits poorly on your strangely shaped body. [a shining eye]
 47702 | Lair:5   | Lost mutation: Armour fits poorly on your strangely shaped body. [potion of cure mutation]
 47702 | Lair:5   | Lost mutation: Your body sometimes deteriorates upon taking damage. [potion of cure mutation]
 47702 | Lair:5   | Lost mutation: You are dopey. (Int -2) [potion of cure mutation]
 47702 | Lair:5   | Lost mutation: You possess an exceptional clarity of mind. [potion of cure mutation]
 48292 | Slime:2  | Gained mutation: Your magical capacity is low. (-10% MP) [a shining eye]
 49306 | Slime:4  | Paralysed by a floating eye for 3 turns
 49320 | Slime:4  | Received a gift from Okawaru
 49776 | Slime:5  | Entered Level 5 of the Pits of Slime
 50093 | Slime:4  | Reached XP level 25. HP: 243/243 MP: 26/26
 50539 | Slime:5  | Noticed the Royal Jelly
 51352 | Slime:5  | Found a viscous altar of Jiyva.
 51459 | Slime:5  | Received a gift from Okawaru
 51692 | Slime:5  | Killed the Royal Jelly
 52059 | Slime:5  | Got a slimy rune of Zot
 52062 | Slime:5  | Got a crude zirconium amulet
 52064 | Slime:5  | Identified the amulet "Yfitsun" {RegenMP rPois Str+5 Dex+3} (You found it on level 5 of the Pits of Slime)
 52138 | Slime:5  | Got a warped jade ring
 52140 | Slime:5  | Identified the ring of Jiotan {rN++ Dex-2 Stlth-} (You found it on level 5 of the Pits of Slime)
 52146 | Slime:5  | Got a polished chain mail
 52157 | Slime:5  | Identified the +5 chain mail of Ecuasuat {rC+ rN+} (You found it on level 5 of the Pits of Slime)
 52654 | D:11     | Gained mutation: You are covered in fur. (AC +1) [potion of beneficial mutation]
 52655 | D:11     | Gained mutation: You evolve. [potion of beneficial mutation]
 52766 | Orc:2    | Bought a scroll of enchant weapon for 112 gold pieces
 52894 | Orc:2    | Bought a polished hand axe for 256 gold pieces
 52895 | Orc:2    | Identified the +4 hand axe "Daiguopn" {drain, Stlth+} (You bought it in a shop on level 2 of the Orcish Mines)
 52900 | Pan      | Entered Pandemonium
 52950 | Pan      | Noticed Liroitov the pandemonium lord
 52982 | Pan      | Killed Liroitov the pandemonium lord
 52982 | Pan      | Received a gift from Okawaru
 53031 | Pan      | Lost mutation: Your magical capacity is low. (-10% MP) [evolution]
 54020 | Pan      | Found an exit through the horrors of the Abyss.
 54531 | Pan      | Found an exit through the horrors of the Abyss.
 54662 | Pan      | Noticed Fauzukol the pandemonium lord
 54682 | Pan      | Killed Fauzukol the pandemonium lord
 55081 | Pan      | Reached XP level 26. HP: 81/254 MP: 30/30
 57341 | Orc:2    | Escaped Pandemonium
 58029 | Crypt:1  | Entered Level 1 of the Crypt
 58048 | Crypt:1  | Noticed Frederick
 58070 | Crypt:1  | Killed Frederick
 58094 | Crypt:1  | Received a gift from Okawaru
 58337 | Crypt:1  | Noticed Boris
 58359 | Crypt:1  | Killed Boris
 59049 | Crypt:1  | Got a bloodstained ring mail
 59060 | Crypt:1  | Identified the cursed +1 ring mail of the Teacher {rElec Str-4 Int+3} (You found it on level 1 of the Crypt)
 59201 | Crypt:2  | Reached skill level 5 in Crossbows
 59878 | Crypt:2  | Received a gift from Okawaru
 59879 | Crypt:2  | Found a basalt altar of Yredelemnul.
 60156 | Crypt:3  | Entered Level 3 of the Crypt
 60573 | Crypt:3  | Noticed Jory
 60616 | Crypt:3  | Reached skill level 27 in Shields
 60627 | Crypt:3  | Killed Jory
 61792 | Crypt:3  | Found a basalt altar of Yredelemnul.
 61822 | Crypt:3  | Identified a -3 rod of clouds (11/11) (You found it on level 3 of the Crypt)
 61925 | Crypt:3  | Noticed an ancient lich
 61925 | Crypt:3  | Noticed an ancient lich
 61932 | Crypt:3  | Noticed an ancient lich
 61940 | Crypt:3  | Killed an ancient lich
 62301 | Crypt:3  | Found a staircase to the Tomb.
 62311 | Crypt:3  | Got a sparkling wooden ring
 62313 | Crypt:3  | Identified the ring "Xofooles" {*Slow rPois rF+ rN+ Dex+5} (You found it on level 3 of the Crypt)
 62397 | Crypt:3  | Found a basalt altar of Yredelemnul.
 62493 | Crypt:3  | Killed an ancient lich
 62496 | Crypt:3  | Killed an ancient lich
 62502 | Crypt:3  | Identified the Almanac of the Cloudy Rocks
 62558 | Tomb:1   | Entered Level 1 of the Tomb of the Ancients
 62652 | Tomb:1   | Received a gift from Okawaru
 62766 | Tomb:1   | Reached XP level 27. HP: 61/264 MP: 31/31
 63224 | Tomb:1   | Noticed a greater mummy
 63240 | Tomb:1   | Killed a greater mummy
 63240 | Tomb:1   | Reached skill level 10 in Crossbows
 64002 | Tomb:1   | Noticed a greater mummy
 64013 | Tomb:1   | Killed a greater mummy
 64564 | Tomb:2   | Noticed a greater mummy
 64565 | Tomb:2   | Noticed a greater mummy
 64566 | Tomb:2   | Noticed an ancient lich
 64566 | Tomb:2   | Noticed a greater mummy
 65227 | Tomb:1   | Killed an ancient lich
 66044 | Tomb:1   | Killed a greater mummy
 66666 | Tomb:1   | Killed a greater mummy
 66988 | Tomb:1   | Killed a greater mummy
 66988 | Tomb:1   | Received a gift from Okawaru
 68049 | Tomb:2   | Reached skill level 1 in Evocations
 68122 | Tomb:1   | Noticed a greater mummy
 68122 | Tomb:1   | Noticed a greater mummy
 69056 | Tomb:1   | Noticed a greater mummy
 69064 | Tomb:1   | Killed a greater mummy
 69068 | Tomb:1   | Noticed a greater mummy
 69069 | Tomb:1   | HP: 1/244 [greater mummy/divine providence (14)]
 69567 | Tomb:2   | Killed a greater mummy
 69898 | Tomb:1   | Noticed a greater mummy
 70217 | Tomb:1   | Noticed a greater mummy
 70562 | Tomb:2   | Killed a greater mummy
 70562 | Tomb:2   | Received a gift from Okawaru
 71333 | Tomb:2   | Killed a greater mummy
 71726 | Tomb:1   | Noticed a greater mummy
 71745 | Tomb:2   | Killed a greater mummy
 71745 | Tomb:2   | Received a gift from Okawaru
 72024 | Tomb:2   | Killed a greater mummy
 72398 | Tomb:1   | Killed a greater mummy
 72405 | Tomb:1   | Noticed a greater mummy
 72509 | Tomb:1   | Killed a greater mummy
 72519 | Tomb:1   | Noticed a greater mummy
 72535 | Tomb:1   | Killed a greater mummy
 72613 | Tomb:1   | Noticed a greater mummy
 72628 | Tomb:1   | Killed a greater mummy
 72628 | Tomb:1   | Received a gift from Okawaru
 72629 | Tomb:1   | Noticed a greater mummy
 73085 | Tomb:1   | Killed a greater mummy
 73517 | Tomb:1   | Noticed a greater mummy
 73532 | Tomb:1   | Killed a greater mummy
 73532 | Tomb:1   | Received a gift from Okawaru
 73611 | Tomb:1   | Gained mutation: Your muscles are strong. (Str +2) [evolution]
 73618 | Tomb:1   | Noticed a greater mummy
 73631 | Tomb:1   | Killed a greater mummy
 73649 | Tomb:1   | Noticed a greater mummy
 73659 | Tomb:1   | Killed a greater mummy
 73659 | Tomb:1   | Reached skill level 27 in Axes
 74102 | Tomb:1   | Noticed a greater mummy
 74112 | Tomb:1   | Killed a greater mummy
 74463 | Tomb:2   | Reached skill level 15 in Dodging
 74602 | Tomb:3   | Entered Level 3 of the Tomb of the Ancients
 74602 | Tomb:3   | Noticed Mennas
 74617 | Tomb:2   | Killed Mennas
 75773 | Tomb:3   | Noticed a greater mummy
 75773 | Tomb:3   | Noticed a greater mummy
 76659 | Tomb:2   | Gained mutation: Scrolls take you a little longer to read. [a neqoxec]
 76660 | Tomb:2   | Killed a greater mummy
 77018 | Tomb:3   | Noticed a greater mummy
 77042 | Tomb:3   | Noticed a greater mummy
 77116 | Tomb:3   | Noticed a greater mummy
 77184 | Tomb:2   | Killed a greater mummy
 77606 | Tomb:3   | Noticed a greater mummy
 77615 | Tomb:2   | Killed a greater mummy
 77668 | Tomb:2   | Killed a greater mummy
 80126 | Tomb:2   | Killed a greater mummy
 80951 | Tomb:2   | Killed a greater mummy
 81428 | Tomb:3   | Noticed a greater mummy
 81437 | Tomb:3   | Noticed a greater mummy
 81444 | Tomb:3   | HP: 5/254 [greater mummy/divine providence (9)]
 81446 | Tomb:3   | Killed from afar by a greater mummy

Skill      XL: |  1  2  3  4  5  6  7  8  9 10 11 12 13 14 15 16 17 18 19 20 21 22 23 24 25 26 27 |
---------------+----------------------------------------------------------------------------------+-----
Fighting       | 4 5 6 8 9 10 12 14 16 17 18 19 20 21 22 23 24 26 | 26.8
Armour         | 4 5 6 7 8 9 11 12 13 14 15 16 17 | 17.6
Axes           | 3 4 6 7 9 10 12 14 15 16 18 19 20 21 22 23 24 25 26 27 | 27.0
Shields        | 4 5 6 7 9 10 11 12 13 14 15 16 18 19 20 21 22 23 25 26 27 | 27.0
Dodging        | 1 2 3 4 5 6 7 9 10 11 12 13 14 15 | 15.6
Stealth        | 1 2 3 4 5 6 |  6.0
Invocations    | 2 4 5 6 7 8 9 10 11 12 14 | 14.4
Crossbows      | 9 13 | 13.8
Evocations     | 1 |  1.0

Action                   |  1- 3 |  4- 6 |  7- 9 | 10-12 | 13-15 | 16-18 | 19-21 | 22-24 | 25-27 || total
-------------------------+-------+-------+-------+-------+-------+-------+-------+-------+-------++-------
Melee: War axe           |    65 |    93 |   339 |   642 |   804 |  1648 |  1422 |   892 |  1664 ||  7569
       Headbutt          |     4 |    16 |    53 |   159 |   231 |   462 |   551 |   386 |   735 ||  2597
       Broad axe         |       |       |       |       |   188 |       |       |       |       ||   188
       Unarmed           |       |       |       |       |       |       |       |       |     2 ||     2
 Fire: Hand crossbow     |       |       |       |       |       |       |       |       |   660 ||   660
Invok: Heroism           |       |       |     2 |    11 |     6 |    24 |    17 |    10 |    22 ||    92
       Finesse           |       |       |       |     8 |     5 |    18 |    17 |    11 |    25 ||    84
 Abil: Evoke Berserk Rag |       |       |       |       |       |       |       |       |     2 ||     2
  Use: Scroll            |       |       |     1 |     6 |    24 |    14 |    16 |    11 |    21 ||    93
       Potion            |       |       |       |       |     1 |    14 |       |     2 |    16 ||    33
 Stab: Sleeping          |       |       |       |       |       |     1 |     5 |     3 |       ||     9
       Distracted        |       |       |       |       |       |       |     4 |     3 |     9 ||    16
  Eat: Chunk             |     2 |     3 |    14 |    12 |    23 |    34 |    27 |    16 |     9 ||   140
       Meat ration       |       |       |       |     1 |       |       |       |     1 |     6 ||     8
       Pizza             |       |       |       |     2 |     2 |       |     1 |       |     2 ||     7
       Fruit             |       |       |       |       |       |     4 |       |       |     3 ||     7
       Royal jelly       |       |       |       |       |       |     2 |     1 |     1 |     1 ||     5
       Bread ration      |       |       |       |       |       |       |     1 |       |     9 ||    10
       Beef jerky        |       |       |       |       |       |       |       |       |    11 ||    11
Armor: Scale mail        |    48 |    42 |   127 |    83 |       |       |       |       |       ||   300
       Plate armour      |       |       |       |    98 |   265 |       |       |       |       ||   363
       Ice dragon scales |       |       |       |       |    26 |   473 |   254 |   130 |   432 ||  1315
Dodge: Dodged            |    18 |    26 |   138 |   167 |   200 |   715 |   391 |   204 |   661 ||  2520
Block: Shield            |    46 |    46 |   223 |   291 |   439 |  1178 |  1033 |   894 |  2596 ||  6746
